 Dungeon Crawl Stone Soup version 0.32-a0-120-gfac0567ad4 (webtiles) character file.

Game seed: 6805440471985589010

61 pokeman the Magician (level 3, 0/20 HPs)
             Began as a Deep Elf Hedge Wizard on Feb 6, 2024.
             Succumbed to an adder's poison
             ... on level 2 of the Dungeon.
             The game lasted 00:01:40 (1638 turns).

pokeman the Magician (Deep Elf Hedge Wizard)        Turns: 1638, Time: 00:01:40

Health: 0/20       AC:  2    Str:  7    XL:     3   Next: 83%
Magic:  1/11       EV: 12    Int: 20    God:
Gold:   40         SH:  0    Dex: 14    Spells: 4/12 levels left

rFire   . . .        a - +0 dagger
rCold   . . .        (no shield)
rNeg    . . .        b - +0 robe
rPois   .            c - +0 hat
rElec   .            (no cloak)
rCorr   .            (no gloves)
SInv    .            (no boots)
Will    .....        (no amulet)
Stlth   ++           (no ring)
HPRegen 0.23/turn    (no ring)
MPRegen 0.12/turn

%: no passive effects
@: lethally poisoned (0 -> -5)
A: no striking features
a: no special abilities


You were on level 2 of the Dungeon.
You visited 1 branch of the dungeon, and saw 2 of its levels.

You collected 40 gold pieces.

Inventory:

Hand Weapons
 a - a +0 dagger (weapon)
Armour
 b - a +0 robe (worn)
 c - a +0 hat (worn)
Jewellery
 f - a +6 ring of dexterity
Scrolls
 g - a scroll of identify {unknown}
Potions
 d - a potion of magic
 e - a potion of enlightenment {unknown}


   Skills:
 - Level 1.0 Fighting
 - Level 1.0 Armour
 + Level 2.5 Dodging
 + Level 2.4 Stealth
 * Level 5.4 Spellcasting
 + Level 2.0 Conjurations
 - Level 1.1 Summonings
 - Level 1.1 Translocations


You had 4 spell levels left.
You knew the following spells:

 Your Spells              Type           Power      Damage    Failure   Level
a - Magic Dart            Conj           52%        1d5       4%          1
b - Mephitic Cloud        Conj/Alch/Air  8%         N/A       26%         3
c - Call Imp              Summ           18%        N/A       11%         2
d - Blink                 Tloc           18%        N/A       11%         2

Your spell library contained the following spells:

 Spells                   Type           Power      Damage    Failure   Level
 Slow                     Hex            20%        N/A       11%         1
 Cigotuvi's Dreadful Rot  Necr/Alch/Air  10%        N/A       17%         2
 Alistair's Intoxication  Alch           3%         N/A       97%         5
 Borgnjor's Vile Clutch   Necr/Erth      2%         N/A       97%         5
 Eringya's Noxious Bog    Alch           2%         4d6       100%        6


Dungeon Overview and Level Annotations

Branches:
Dungeon (2/15)

Altars:


Message History

The kobold hits you with a +0 whip. The rat bites you but does no damage.
Casting: Magic Dart (safe; 4% risk of failure)
Confirm with . or Enter, or press ? or * to list all spells.
Aiming: Magic Dart (safe; 4% risk of failure)
Press: ? - help, Shift-Dir - straight line, f/p - ribbon worm
Aim: a ribbon worm (noxious fumes, heavily wounded, 100% to hit)
The magic dart hits the kobold.
You kill the kobold!
The ribbon worm is engulfed in noxious fumes.
The ribbon worm appears confused.
The rat bites you.
Casting: Magic Dart (safe; 4% risk of failure)
Confirm with . or Enter, or press ? or * to list all spells.
You don't have enough magic to cast this spell.
Unknown command.
Unknown command.
You hit the ribbon worm.
The ribbon worm is severely wounded.
The rat bites you.
You hit the endoplasm. You punch the endoplasm.
The endoplasm is severely wounded.
The adder bites you. The rat closely misses you. The adder barely misses you.
The endoplasm freezes you.
You are frozen.
Unknown command.
You closely miss the adder. The adder bites you.
You are poisoned.
The adder poisons you!
Unknown command.
You feel sick. The adder attacks as it pursues you!
The adder closely misses you.
You feel sick. The adder bites you.
* * * LOW HITPOINT WARNING * * *
You are lethally poisoned!
The adder poisons you!
* * * LOW HITPOINT WARNING * * *
You feel sick. The adder attacks as it pursues you!
The adder closely misses you.
* * * LOW HITPOINT WARNING * * *
You feel sick.
You die...

#....###########
#....#
.#######....#
............#
.######.##### .
#.# ... ## #.#
.....#.#######.#
........J.rS.@.#
.....#)#########
.## #. #. .. ..
... .#.


You could see an adder, an endoplasm and a rat.

Vanquished Creatures
  2 adders (D:2)
  A gnoll (D:1)
  A ball python (D:1)
  2 bats (D:1)
  5 endoplasms
  2 giant cockroaches
  3 goblins (D:1)
  4 hobgoblins
  4 kobolds
  A quokka (D:2)
  2 frilled lizards
  2 rats
29 creatures vanquished.

Notes
Turn   | Place    | Note
-------+----------+-------------------------------------------
     0 | D:1      | pokeman the Deep Elf Hedge Wizard began the quest for the
                  | Orb.
     0 | D:1      | Reached XP level 1. HP: 10/10 MP: 7/7
   341 | D:1      | Reached XP level 2. HP: 16/16 MP: 5/9
   569 | D:1      | Reached skill level 5 in Spellcasting
   746 | D:1      | Reached XP level 3. HP: 20/20 MP: 9/11
   750 | D:1      | Learned a level 3 spell: Mephitic Cloud
   753 | D:1      | Learned a level 2 spell: Call Imp
   756 | D:1      | Learned a level 2 spell: Blink
  1369 | D:2      | Reached skill level 1 in Fighting
  1416 | D:2      | Reached skill level 1 in Armour
  1637 | D:2      | HP: 1/20 [poisoned by an adder]
  1638 | D:2      | Succumbed to an adder's poison

Illustrated notes

Levels and vault maps discovered:
D:1:      grunt_arrival_crossed_arrows, layout_loops_ring
D:2:      layout_basic, serial_shops, nicolae_shop_real_fake_doors

Skill      XL: |  1  2  3 |
---------------+----------+-----
Spellcasting   | 5 |  5.4
Fighting       | 1 |  1.0
Armour         | 1 |  1.0
Conjurations   | 2 |  2.0
Dodging        | |  2.5
Stealth        | |  2.4
Summonings     | |  1.1
Translocations | |  1.1

Action                     || total
---------------------------++-------
  Melee: Dagger            ||     8
         Punch             ||     1
   Cast: Magic Dart        ||    87
         Mephitic Cloud    ||     1
 Armour: Robe              ||    17
  Dodge: Dodged            ||    13

Table legend: (Time is in decaauts)
 A = Elapsed time spent in this place.
 B = Non-inter-level travel time spent in this place.
 C = Inter-level travel time spent in this place.
 D = Time resting spent in this place.
 E = Time spent auto-exploring this place.
 F = Levels seen in this place.
 G = Mean time per level.
                   A        B        C        D        E       F      G
               +--------+--------+--------+--------+--------+-----+--------+
         Total |   1637 |   1600 |     37 |      0 |   1444 |   2 |  818.5 |
       Dungeon |   1637 |   1600 |     37 |      0 |   1444 |   2 |  818.5 |
               +--------+--------+--------+--------+--------+-----+--------+

Top non-repeatable levels by time:
     D:1: 1141 daAuts
     D:2: 496 daAuts
